[Event "Early-Titled-Tuesday-Blitz-September-26-2023"]
[Site "Chess.com"]
[Date "2023.09.26"]
[Round "4"]
[White "RandomNoob04"]
[Black "Iball95"]
[Result "0-1"]
[WhiteElo "2604"]
[BlackElo "2783"]
[TimeControl "180+1"]
[EndTime "8:40:11 PDT"]
[Termination "Iball95 won by resignation"]

1. e4 c5 2. d4 cxd4 3. c3 e6 4. cxd4 d5 5. e5 Nc6 6. f4 Nge7 7. Nf3 Nf5 8. Nc3 Qb6 9. Ne2 Bb4+ 10. Kf2 f6 11. g4 Nh6 12. h3 fxe5 13. fxe5 O-O 14. Bxh6 gxh6 15. Kg2 Bd7 16. a3 Be7 17. Qd2 Rf7 18. Ng3 Rxf3 19. Kxf3 Nxd4+ 20. Kg2 Bg5 21. Qb4 Qxb4 22. axb4 Nc2 23. Rb1 Rf8 24. Bd3 Nxb4 25.
Be2 Bc6 26. Rhf1 Bf4 27. Nf5 Bxe5 28. Ne7+ Kg7 29. Rxf8 Kxf8 30. Nxc6 bxc6 31. Ra1 Bxb2 32. Rxa7 c5 33. Rxh7 Bg7 34. g5 Kg8 35. g6 c4 36.
Bg4 e5 37. Be6+ Kf8 38. Kf3 c3 39. Ke2 e4 40. Bf5 Kg8 41. Be6+ Kf8 42. Bf5 c2 43. Kd2 e3+ 44. Kc1 e2 0-1

[Event "Early-Titled-Tuesday-Blitz-September-26-2023"]
[Site "Chess.com"]
[Date "2023.09.26"]
[Round "4"]
[White "subham777"]
[Black "Sattarov_Bobur"]
[Result "1-0"]
[WhiteElo "2603"]
[BlackElo "2825"]
[TimeControl "180+1"]
[EndTime "8:40:11 PDT"]
[Termination "subham777 won by resignation"]

1. e4 e5 2. Nf3 Nc6 3. Bc4 Bc5 4. c3 Qf6 5. d3 h6 6. Nbd2 d6 7. Nf1 Nge7 8. Be3 Ng6 9. Bxc5 dxc5 10. Ne3 O-O 11. Nd5 Qd6 12. O-O Nce7 13. Nxe7+ Qxe7 14. Re1 Rd8 15. Qe2 b6 16. Qe3 Bg4 17. h3 Bd7 18.
Nh2 Qf6 19. Ng4 Bxg4 20. hxg4 Rd6 21. g3 Rad8 22. Kg2 c6 23. a4 Nf8 24. Rh1 Ne6 25. Rh5 Nc7 26. Rah1 Kf8 27. g5 hxg5 28. Rxg5 g6 29.
Rh7 R8d7 30. Rg4 b5 31. Qh6+ Ke7 32.
Rxf7+ Qxf7 33. Bxf7 Kxf7 34. Qh7+ Kf8 35. Qh8+ Kf7 36.
Qxe5 Ne6 37. Rh4 Ng7 38. Rf4+ Kg8 39. axb5 cxb5 40. Rf6 Rxd3 41. Rxg6 Rf7 42. Qxc5 Rd2 43. Rd6 Rxb2 44. Rd8+ Kh7 45. Rd6 a5 46. e5 Nf5 47.
Rf6 Rxf6 48. exf6 Kg6 49. f7 Kxf7 50. Qxf5+ Ke7 51. Qe5+ Kd7 52. c4 Rb4 53. cxb5 Kc8 54. Qc5+ Kb7 55. Qc6+ Kb8 56. b6 1-0

[Event "Early-Titled-Tuesday-Blitz-September-26-2023"]
[Site "Chess.com"]
[Date "2023.09.26"]
[Round "4"]
[White "ExchangeAB"]
[Black "GoltsevDmitry2000"]
[Result "1-0"]
[WhiteElo "2445"]
[BlackElo "2599"]
[TimeControl "180+1"]
[EndTime "8:40:11 PDT"]
[Termination "ExchangeAB won by checkmate"]

1. Nf3 d5 2. e3 c6 3. b3 Nf6 4.
Bb2 g6 5. Ne5 Bg7 6. Be2 Nbd7 7.
Nxd7 Bxd7 8. O-O O-O 9. d3 Ne8 10. Bxg7 Nxg7 11. d4 f6 12. c4 e5 13. dxe5 fxe5 14. cxd5 Qf6 15. Nc3 Rad8 16. e4 Qg5 17. Qc1 Qh4 18. g3 Qh3 19. Qe3 cxd5 20. Nxd5 Ne6 21.
Rfd1 Nd4 22. Rxd4 exd4 23. Qxd4 Be6 24. Bc4 b6 25. f4 Rfe8 26. Nf6+ Kf7 27. Nd5 Kg8 28.
Qb2 Rf8 29. Rd1 h5 30. Bf1 Qg4 31. Be2 Qh3 32. Nf6+ Kf7 33. Qe5 Rxd1+ 34. Bxd1 Rd8 35. Qc7+ Rd7 36. Nxd7 Bxd7 37. Be2 Kf8 38. Qd8+ Kg7 39. Qg5 Bg4 40. Qe5+ Kh7 41. Qe7+ Kg8 42. Bc4+ Kh8 43. Qf8+ Kh7 44. Bg8+ Kh8 45. Bf7+ Kh7 46. Qg8+ Kh6 47. Qxg6# 1-0

[Event "Early-Titled-Tuesday-Blitz-September-26-2023"]
[Site "Chess.com"]
[Date "2023.09.26"]
[Round "4"]
[White "jraosam"]
[Black "Likvidator228"]
[Result "0-1"]
[WhiteElo "2049"]
[BlackElo "2542"]
[TimeControl "180+1"]
[EndTime "8:40:11 PDT"]
[Termination "Likvidator228 won on time"]

1. Nf3 d5 2. c4 c6 3. e3 Nf6 4. b3 Bg4 5. Bb2 e6 6. Be2 Nbd7 7. O-O Be7 8. Nc3 O-O 9. Rc1 a6 10.
h3 Bh5 11. Nh4 Bxe2 12. Qxe2 b5 13. Nf3 Rb8 14. cxd5 cxd5 15. Nd4 Rc8 16. a4 b4 17. Na2 Qb6 18. Rxc8 Rxc8 19. Rc1 Rxc1+ 20. Bxc1 Nc5 21. f4 Nfe4 22. Bb2 Bf6 23. Nc1 h6 24. d3 Nd6 25.
Qc2 Nd7 26. Kf2 Qc5 27. Qxc5 Nxc5 28. Ke2 Kf8 29. Kd2 Ke8 30. Kc2 Kd7 31. Nce2 h5 32. g4 hxg4 33. hxg4 g6 34. g5 Bxd4 35. Bxd4 Kc6 36.
Ng3 Nd7 37. Bb2 Nf5 38. Nxf5 gxf5 39. Bd4 Nf8 40. Kd2 Ng6 41. Ke2 Ne7 42. Bf6 Nc8 43.
Kf3 Nd6 44. Bd4 Nb7 45. e4 fxe4+ 46. dxe4 Na5 47. f5 dxe4+ 48. Kxe4 exf5+ 49. Kxf5 Kd7 50. Kf6 Ke8 51. Bc5 Nxb3 52. Bxb4 Nd4 53. Bc5 Nc6 54. Bb6 Nb4 55. a5 Nc6 56. Bc7 Nd4 0-1

[Event "Early-Titled-Tuesday-Blitz-September-26-2023"]
[Site "Chess.com"]
[Date "2023.09.26"]
[Round "4"]
[White "venturov"]
[Black "Witty_Alien"]
[Result "0-1"]
[WhiteElo "2442"]
[BlackElo "2220"]
[TimeControl "180+1"]
[EndTime "8:40:11 PDT"]
[Termination "Witty_Alien won by checkmate"]

1. e4 c5 2. Nf3 d6 3. Bb5+ Bd7 4.
c4 Nf6 5. Nc3 g6 6. Bxd7+ Qxd7 7.
d4 cxd4 8. Nxd4 Bg7 9. O-O Nc6 10. Be3 Ng4 11. Nxc6 Nxe3 12. fxe3 bxc6 13. Qd3 Qe6 14. Rad1 O-O 15. Rc1 a5 16. b3 Bxc3 17. Rxc3 c5 18. Rc2 a4 19. Rcf2 axb3 20. axb3 Ra3 21. h3 f6 22. Qc2 Rb8 23. Rb1 Qe5 24. Qd3 Kg7 25. Rff1 Ra2 26. Rf2 Rxf2 27. Kxf2 Ra8 28. Rd1 h5 29. g3 h4 30. gxh4 Qh2+ 31. Ke1 Ra2 32. Rd2 Qg1+ 33. Ke2 Ra1 34. Rd1 Qg2+ 35. Ke1 Qg3+ 36.
Ke2 Qh2+ 37. Ke1 Ra2 38. Rd2 Qg1+ 39. Ke2 Qg2+ 40. Ke1 Qg3+ 41. Ke2 Ra1 42. Rd1 Ra3 43. e5 Qxe5 44. Ke1 Ra2 45. Rd2 Qg3+ 46. Ke2 Qg2+ 47. Ke1 Rxd2 48. Qxd2 Qg1+ 49. Ke2 Qg2+ 50. Ke1 Qxd2+ 51.
Kxd2 Kh6 52. Ke2 Kh5 53. Kf3 Kxh4 54. Kg2 Kg5 55. Kg3 Kf5 56. Kf3 g5 57. e4+ Ke5 58. Ke3 e6 59. b4 cxb4 60. Kd3 f5 61. exf5 exf5 62. Kc2 Kd4 63. Kb3 Kc5 64. Kc2 Kxc4 65. Kd2 b3 66. Ke3 b2 67. h4 gxh4 68. Kf4 b1=Q 69.
Kg5 h3 70. Kf6 h2 71. Kg7 h1=Q 72. Kf8 Qh7 73. Ke8 Qb8# 0-1

[Event "Early-Titled-Tuesday-Blitz-September-26-2023"]
[Site "Chess.com"]
[Date "2023.09.26"]
[Round "4"]
[White "levallem"]
[Black "sergeikim"]
[Result "0-1"]
[WhiteElo "2375"]
[BlackElo "2612"]
[TimeControl "180+1"]
[EndTime "8:40:13 PDT"]
[Termination "sergeikim won on time"]

1. d4 Nf6 2. Nf3 g6 3. e3 d6 4. Be2 Bg7 5. O-O O-O 6. c4 Nbd7 7. b4 e5 8. Bb2 e4 9. Nfd2 Re8 10. Nc3 c6 11.
Qc2 Qe7 12. a4 h5 13. b5 h4 14. h3 Nf8 15. bxc6 bxc6 16. Rfb1 N8h7 17. d5 c5 18. Ra3 Ng5 19. Bf1 Rb8 20. Rb3 Rxb3 21. Nxb3 Qd8 22. Nb5 a6 23. Nc3 Bf5 24. Ne2 Nf3+ 25. Kh1 Ne5 26.
Bxe5 Rxe5 27. Qc3 Nd7 28. Qa5 Qc8 29. Nd2 Re8 30. Nc1 Bf6 31. Be2 Kg7 32. Nf1 Bd8 33. Qd2 Ne5 34. Nh2 Re7 35. Qb2 Qd7 36. Qb8 Nd3 37. Nxd3 exd3 38. Bg4 Ba5 39. Bxf5 Qxf5 40. Qxd6 d2 41. Rf1 Rb7 42. Qxc5 Bc3 43. e4 Qxe4 44.
Nf3 Rb1 45. Nxd2 Bxd2 46. Rxb1 Qxb1+ 47. Kh2 Bf4+ 48. g3 hxg3+ 49. fxg3 Qc2+ 50. Kh1 Qd1+ 51. Kg2 Be5 52. Qe3 Bd4 53. Qf4 Qe2+ 54. Kh1 Be5 0-1

[Event "Early-Titled-Tuesday-Blitz-September-26-2023"]
[Site "Chess.com"]
[Date "2023.09.26"]
[Round "4"]
[White "LangesNasenhaar"]
[Black "Goryachkina"]
[Result "0-1"]
[WhiteElo "2491"]
[BlackElo "2685"]
[TimeControl "180+1"]
[EndTime "8:40:14 PDT"]
[Termination "Goryachkina won by checkmate"]

1. d4 Nf6 2. Nc3 e6 3. e4 d5 4.
Qd3 b6 5. e5 Ba6 6. Qg3 Ne4 7. Nxe4 dxe4 8. Bxa6 Nxa6 9. Qb3 c6 10.
Ne2 Qd5 11. c3 f5 12. O-O Be7 13.
Nf4 Qxb3 14. axb3 Nc7 15. f3 g5 16. Nh5 exf3 17. gxf3 Kf7 18. Ng3 a5 19. Ne2 c5 20.
Kh1 h6 21. Be3 Nd5 22. Bf2 Rhc8 23. Rfd1 Rc7 24. c4 Nb4 25. d5 Rd7 26. d6 Bf8 27. f4 gxf4 28. Nc3 Bg7 29. Na4 Rb8 30. Bxc5 bxc5 31. Nxc5 Rdd8 32. Rxa5 Bxe5 33. Ra7+ Kf6 34. Nd7+ Rxd7 35. Rxd7 Nc6 36. Rh7 Kg6 37. Rc7 Nd4 38. Rc5 Bf6 39. d7 f3 40. Rc8 Rxb3 41. Rxd4 f2 42. Kg2 Rf3 43. d8=Q f1=Q# 0-1

[Event "Early-Titled-Tuesday-Blitz-September-26-2023"]
[Site "Chess.com"]
[Date "2023.09.26"]
[Round "4"]
[White "Aariow"]
[Black "meoluoi91"]
[Result "1-0"]
[WhiteElo "2632"]
[BlackElo "2657"]
[TimeControl "180+1"]
[EndTime "8:40:14 PDT"]
[Termination "Aariow won by resignation"]

1. Nf3 d5 2. e3 Nf6 3. b3 Bf5 4. Bb2 e6 5. Be2 c5 6. d4 Nc6 7. O-O cxd4 8. Nxd4 Nxd4 9. Qxd4 a6 10. Ba3 Bxa3 11. Nxa3 O-O 12. Bf3 Qa5 13. Qb2 Rac8 14. c4 b5 15. b4 Qb6 16. c5 Qb8 17. Rac1 Bd3 18. Rfd1 Bc4 19. Nc2 e5 20. g3 Rfd8 21.
Ne1 h5 22. Ng2 Qc7 23. Nh4 g6 24. Bg2 Ng4 25. h3 Nf6 26. Nf3 Re8 27. Ng5 Qe7 28.
h4 Ng4 29. Bxd5 Bxd5 30. Rxd5 f6 31. Ne4 Rf8 32. Rcd1 Rc7 33. Qb3 Kh8 34. Rd6 f5 35. Ng5 f4 36. exf4 exf4 37. Qc3+ Qg7 38. Qxg7+ Kxg7 39. Ne6+ Kg8 40. Nxc7 fxg3 41. fxg3 Ne3 42. Rxg6+ Kh7 43.
Rdd6 Rf1+ 44. Kh2 Rf2+ 45. Kh3 Nf1 46. Rh6+ Kg7 47. Ne8+ Kf7 48. Rdf6+ Kxe8 49. Rxf2 1-0

[Event "Early-Titled-Tuesday-Blitz-September-26-2023"]
[Site "Chess.com"]
[Date "2023.09.26"]
[Round "4"]
[White "leejunhyeok"]
[Black "SchmakAttack"]
[Result "1-0"]
[WhiteElo "2662"]
[BlackElo "2779"]
[TimeControl "180+1"]
[EndTime "8:40:15 PDT"]
[Termination "leejunhyeok won by resignation"]

1. e4 e6 2. d4 d5 3. Nc3 Nf6 4. exd5 exd5 5. Bg5 c6 6. Qd2 h6 7. Bh4 Bb4 8. a3 Bxc3 9. Qxc3 O-O 10. Bd3 Re8+ 11.
Ne2 g5 12. Bg3 Ne4 13. Bxe4 Rxe4 14. f3 Re8 15. Qd3 b6 16. Bxb8 Rxb8 17. O-O Qf6 18. Ng3 Bd7 19. f4 gxf4 20. Nh5 Qg5 21. Nxf4 Re4 22.
g3 Rbe8 23. Rf2 Re3 24. Qd2 h5 25. Ng2 h4 26. Nxe3 Rxe3 27. Rf3 Re5 28. Qxg5+ Rxg5 29. Re1 Bg4 30. Rc3 c5 31. dxc5 d4 32. cxb6 axb6 33. Rd3 Bf5 34. Re5 f6 35. Rxf5 Rxf5 36. Rxd4 hxg3 37.
hxg3 Kf7 38. Rb4 b5 39. c4 bxc4 40. Rxc4 Rd5 41. Rb4 Rd2 42. a4 Kg6 43. Rb5 f5 44.
a5 Kg5 45. a6 Kg4 46. a7 Kxg3 47. Rb3+ 1-0

[Event "Early-Titled-Tuesday-Blitz-September-26-2023"]
[Site "Chess.com"]
[Date "2023.09.26"]
[Round "4"]
[White "Jaka_Brilej"]
[Black "LeoWin2012"]
[Result "1-0"]
[WhiteElo "2522"]
[BlackElo "2333"]
[TimeControl "180+1"]
[EndTime "8:40:15 PDT"]
[Termination "Jaka_Brilej won by resignation"]

1. e4 c6 2. d4 d5 3. e5 Bf5 4. Nf3 e6 5. Be2 h6 6. O-O Ne7 7. c3 Nd7 8. Na3 Ng6 9. Nc2 Nh4 10. Ne3 Nxf3+ 11. Bxf3 g6 12. g4 Be4 13. Bxe4 dxe4 14.
Qc2 h5 15. Qxe4 hxg4 16. Nxg4 Be7 17. Bf4 Bg5 18. Bg3 Qe7 19. b4 Bh4 20. a4 Bxg3 21. fxg3 Nb6 22. Rf3 Nd5 23. Raf1 Rh7 24. c4 Qxb4 25.
cxd5 cxd5 26. Nf6+ Ke7 27. Qd3 Rh3 28. Rb1 Qxa4 29.
Rxb7+ Kf8 30. Ng4 Rh7 31. Qxg6 Qd1+ 32. Kg2 Qe2+ 33. Rf2 Rxh2+ 34. Nxh2 Qxf2+ 35. Kxf2 fxg6 36. Rb4 Rc8 37. Ra4 Rc2+ 38. Kg1 Rc4 39. Rxc4 dxc4 40. Kf2 Ke7 41. Ke3 Kd7 42. Kd2 Kc6 43. Kc3 Kd5 44. Ng4 Ke4 45. Nf6+ Kf3 46. Kxc4 Kxg3 47. d5 exd5+ 48.
Kxd5 a5 49. e6 a4 50. e7 a3 51. e8=Q a2 52. Qe5+ 1-0

[Event "Early-Titled-Tuesday-Blitz-September-26-2023"]
[Site "Chess.com"]
[Date "2023.09.26"]
[Round "4"]
[White "AlexPapasimakopoulos"]
[Black "Mr_Lion22"]
[Result "1-0"]
[WhiteElo "2744"]
[BlackElo "2473"]
[TimeControl "180+1"]
[EndTime "8:40:16 PDT"]
[Termination "AlexPapasimakopoulos won by resignation"]

1. d4 Nf6 2. c4 g6 3. Nc3 d5 4. e3 Bg7 5. Nf3 O-O 6. Qb3 e6 7. Bd2 b6 8. cxd5 exd5 9. Be2 c6 10. O-O Re8 11. Rac1 Ne4 12. Rfd1 Nxd2 13. Rxd2 Be6 14. Na4 Qd6 15. Rdc2 Bf5 16. Bd3 Bg4 17. Nd2 Be6 18. h3 Rc8 19. a3 Nd7 20. Qb4 Qxb4 21. axb4 Bf8 22. Ba6 Rc7 23. Rxc6 Rxc6 24. Rxc6 Bxb4 25. Nf3 Nf6 26. Ne5 Ne4 27. f3 Nd2 28. Nc3 Nb3 29.
Nb5 Na5 30. Rc7 f6 31. Nd7 Be7 32. Nxb6 Re8 33. Nxa7 Bd8 34. Nb5 Bxc7 35. Nxc7 Re7 36. Nbxd5 Bxd5 37. Nxd5 Re6 38. Bd3 Rc6 39. Ne7+ Kf7 40.
Nxc6 Nxc6 41. Kf2 Ke6 42. d5+ Kxd5 43. Be4+ 1-0

[Event "Early-Titled-Tuesday-Blitz-September-26-2023"]
[Site "Chess.com"]
[Date "2023.09.26"]
[Round "4"]
[White "a-z30"]
[Black "fastestmindalive"]
[Result "0-1"]
[WhiteElo "2527"]
[BlackElo "2712"]
[TimeControl "180+1"]
[EndTime "8:40:17 PDT"]
[Termination "fastestmindalive won by checkmate"]

1. d3 Nf6 2. Nf3 Nc6 3. g3 e5 4.
Bg2 d5 5. O-O h6 6. c3 a5 7. Qc2 Nd7 8. e4 dxe4 9. dxe4 Nc5 10.
Rd1 Qe7 11. Nbd2 Be6 12. Nf1 Qf6 13. Ne3 Qg6 14. Nh4 Qh7 15. Nhf5 g6 16. Nd5 Bxd5 17. exd5 Ne7 18. Ne3 h5 19. b4 Nd7 20. d6 cxd6 21. Nc4 Nf5 22. Bxb7 Rd8 23. Nxa5 h4 24. g4 h3 25.
gxf5 gxf5 26. Kh1 e4 27. Bf4 Rg8 28. Rg1 Rg6 29. Rxg6 Qxg6 30. Rg1 Qe6 31. Qb3 Qf6 32. Nc6 Qh4 33. Bg3 Qh5 34. Qd1 Qh7 35. Nxd8 Kxd8 36. Bc6 Nf6 37. Qd4 Ng4 38. Qb6+ Ke7 39. Qc7+ Kf6 40. Bd5 f4 41. f3 fxg3 42. Rxg3 Nf2+ 43. Kg1 e3 44. Kf1 Qd3+ 45. Ke1 Qd1# 0-1

[Event "Early-Titled-Tuesday-Blitz-September-26-2023"]
[Site "Chess.com"]
[Date "2023.09.26"]
[Round "4"]
[White "pirulillo"]
[Black "LUISMIGUELOV"]
[Result "1-0"]
[WhiteElo "2360"]
[BlackElo "2134"]
[TimeControl "180+1"]
[EndTime "8:40:17 PDT"]
[Termination "pirulillo won on time"]

1. e4 c6 2. d4 d5 3. exd5 cxd5 4.
Bd3 Nc6 5. c3 Qc7 6. Nf3 Bg4 7.
Nbd2 Nf6 8. h3 Bh5 9. O-O e6 10. Re1 Bg6 11. Nf1 Bxd3 12. Qxd3 a6 13. Bg5 Be7 14.
Ng3 O-O 15. Ne5 h6 16. Bxf6 Bxf6 17. f4 g6 18. Re3 b5 19. Rae1 Rfe8 20. Nxg6 fxg6 21.
Rxe6 Qf7 22. f5 Rxe6 23. Rxe6 Nd8 24. Re2 g5 25. Qf3 Nc6 26. Nh5 Ne7 27. Nxf6+ Qxf6 28. Rxe7 Qxe7 29. Qxd5+ Kg7 30. Qxa8 Qe3+ 31. Kh1 Qc1+ 32.
Kh2 Qf4+ 33. g3 Qxf5 34. Qb7+ Kg8 35. Qg2 h5 36. Qe2 h4 37. gxh4 Qf4+ 38. Kg2 Qxh4 39. Qg4 Qh6 40. h4 Qc6+ 41. Kg1 Qc4 42. Qxg5+ Kh8 43.
a3 Qd3 44. Qf6+ Kh7 45. Qf2 Qd1+ 46. Kg2 Qg4+ 47. Kh2 Qd1 48. Qf5+ Kh8 49. Qc8+ Kh7 50. Qc7+ Kh8 51. Qd8+ Kh7 52. Qe7+ Kh8 53. Qe3 Kh7 54.
d5 1-0

[Event "Early-Titled-Tuesday-Blitz-September-26-2023"]
[Site "Chess.com"]
[Date "2023.09.26"]
[Round "4"]
[White "LoydBlankenship"]
[Black "chito89"]
[Result "1-0"]
[WhiteElo "2650"]
[BlackElo "2779"]
[TimeControl "180+1"]
[EndTime "8:40:19 PDT"]
[Termination "LoydBlankenship won by resignation"]

1. e4 g6 2. d4 Bg7 3. Nc3 d6 4.
f4 Nf6 5. Bd3 O-O 6. Nf3 Nc6 7.
e5 dxe5 8. dxe5 Nd5 9. Bd2 Bg4 10. h3 Bxf3 11. Qxf3 Ndb4 12. O-O-O Nxd3+ 13. Qxd3 Qxd3 14. cxd3 Rfd8 15. Be3 Nb4 16. d4 e6 17. g4 Nd5 18. Rhe1 Rd7 19. Nxd5 Rxd5 20. f5 Rad8 21. fxe6 fxe6 22. Kc2 b6 23. Rd2 Bf8 24. a3 Be7 25.
Rf1 c5 26. Rfd1 Rc8 27. Kb1 cxd4 28. Bxd4 Bg5 29. Rd3 Rcd8 30. Kc2 Bf4 31. Bc3 Kf7 32. Rxd5 Rxd5 33. Rf1 g5 34. h4 Kg6 35. h5+ Kf7 36. Re1 Ke7 37. Re4 Kd7 38. a4 Kc6 39. b4 b5 40. a5 Rd8 41. Bd4 Kd5 42. Kd3 Rd7 43. Bc3 Kc6+ 44. Kc2 Bh2 45. Re2 Bf4 46. Re4 Rc7 47.
Kd3 Kd5 48. Rd4+ Kc6 49. Rd6+ Kb7 50. Rxe6 Rd7+ 51. Bd4 Bh2 52. Ke4 Rc7 53. Bc5 Rf7 54. Re7+ 1-0

[Event "Early-Titled-Tuesday-Blitz-September-26-2023"]
[Site "Chess.com"]
[Date "2023.09.26"]
[Round "4"]
[White "Balla_Tamas"]
[Black "HSH1987"]
[Result "0-1"]
[WhiteElo "2425"]
[BlackElo "2647"]
[TimeControl "180+1"]
[EndTime "8:40:20 PDT"]
[Termination "HSH1987 won by resignation"]

1. e4 d6 2. d4 Nf6 3. Nc3 g6 4. f4 Bg7 5. Nf3 O-O 6. Bd3 c5 7. e5 dxe5 8. dxe5 Nd5 9. Ne4 Nc6 10. O-O Ndb4 11. Nxc5 Qb6 12. Be3 Nxd3 13. Qxd3 Bf5 14. Qc3 Qc7 15. Nb3 Rac8 16. Qe1 Bxc2 17. Nc5 b6 18.
Rc1 Bf5 19. Nb3 Qb7 20. Nbd4 Bd7 21. Qd2 Rfd8 22. Rfd1 Be8 23. Qf2 Nb4 24. Rxc8 Rxc8 25. a3 Nd5 26. e6 f5 27. Ne5 Ba4 28. Re1 Qc7 29. Nd7 Bxd7 30. exd7 Qxd7 31. Ne2 Nxe3 32. Qxe3 Bxb2 33. Kh1 Bf6 34. Qb3+ Kg7 35. Ng3 Rc3 36. Qb4 Qd6 37. Qb5 Rxa3 38. Qc4 Rd3 39. Nf1 Rd1 40. Qe2 Rxe1 41. Qxe1 Qxf4 42. Ne3 Qe4 43. Qd2 Bg5 44.
Qc3+ Kh6 45. Nf1 Bf6 46. Qc8 Kg7 47. Qc7 Qe1 48. Qf4 b5 49. Kg1 e5 50. Qc1 Qxc1 0-1

[Event "Early-Titled-Tuesday-Blitz-September-26-2023"]
[Site "Chess.com"]
[Date "2023.09.26"]
[Round "4"]
[White "Daniel_Salinas"]
[Black "BlitzWizard04"]
[Result "1-0"]
[WhiteElo "2436"]
[BlackElo "2626"]
[TimeControl "180+1"]
[EndTime "8:40:22 PDT"]
[Termination "Daniel_Salinas won by resignation"]

1. e4 c5 2. Nf3 e6 3. d4 cxd4 4. Nxd4 Nc6 5. Nc3 Qc7 6. g3 a6 7. Bg2 Nf6 8. O-O Nxd4 9. Qxd4 Bc5 10. Qd3 Ng4 11. Bf4 Ne5 12. Qe2 d6 13. Rad1 b5 14. Kh1 Bb7 15. Bc1 h5 16. f4 Ng4 17. h3 O-O-O 18. Bf3 Qb6 19. Rde1 Bf2 20. Rxf2 Nxf2+ 21. Kg2 Nxh3 22. Kxh3 Qc7 23. Bd2 f6 24. Qd3 Rhg8 25.
Kg2 g5 26. fxg5 fxg5 27. Bxh5 d5 28. exd5 Bxd5+ 29. Nxd5 Rxd5 30. Qe2 Rgd8 31. Bc3 e5 32. Bf3 Rc5 33. Rd1 Rf8 34. Be4 Rh8 35. Qg4+ Kb8 36.
Qxg5 Rf8 37. Rd5 Rxd5 38. Bxd5 Re8 39. Qe3 e4 40. Bxe4 Qc4 41. Kf3 Rf8+ 42. Kg2 Qe6 43. Bd4 Re8 44. Qf4+ Kc8 45. Bf3 Qxa2 46. Bg4+ Kb7 47.
Bf3+ Kc8 48. Qd6 Qe6 49. Qxe6+ Rxe6 50. Bg4 Kd7 51. Bxe6+ Kxe6 52. Kf3 Kd5 53. Bh8 Ke6 54. Ke4 Kf7 55. Kd5 1-0

[Event "Early-Titled-Tuesday-Blitz-September-26-2023"]
[Site "Chess.com"]
[Date "2023.09.26"]
[Round "4"]
[White "Squirlolz"]
[Black "chessdjw"]
[Result "1-0"]
[WhiteElo "2527"]
[BlackElo "2684"]
[TimeControl "180+1"]
[EndTime "8:40:24 PDT"]
[Termination "Squirlolz won by resignation"]

1. e4 e5 2. Nf3 Nc6 3. Bb5 a6 4. Ba4 Nf6 5. O-O Be7 6. d3 b5 7. Bb3 d6 8. a3 Na5 9. Ba2 c5 10. Nh4 O-O 11. Nf5 Bxf5 12. exf5 Rc8 13. Bg5 c4 14.
Nc3 d5 15. Bxf6 Bxf6 16. Qf3 d4 17. Ne4 Kh8 18. b4 Nb7 19. Nxf6 Qxf6 20. Qxb7 Qxf5 21.
dxc4 bxc4 22. Qxa6 Qxc2 23. Rfc1 Qb2 24. Bxc4 e4 25.
Rab1 Qd2 26. Rd1 Qc3 27. Bd5 e3 28. Qd3 Qxd3 29. Rxd3 e2 30. Re1 Rfe8 31. f4 Rc3 32. Rxd4 Rxa3 33. Kf2 f5 34. Rxe2 Rb8 35. Bc6 Rc3 36.
b5 h5 37. Rb4 Kh7 38. Bf3 Kh6 39. b6 g6 40. b7 Rc7 41. Ra2 Rd7 42. Ra8 Rd2+ 43.
Ke3 Rdd8 44. Rxb8 Rxb8 45. Rc4 Re8+ 46. Kf2 h4 47. Rc8 Re7 48. b8=Q Rh7 49. Rh8 g5 50.
Qd6+ Kg7 51. Qf8+ Kg6 52. Qg8+ Kf6 53. Qxh7 gxf4 54. Qh6+ Ke5 55. Re8+ Kd4 56. Qd6+ Kc3 57. Rc8+ Kb2 58. Qb6+ 1-0

[Event "Early-Titled-Tuesday-Blitz-September-26-2023"]
[Site "Chess.com"]
[Date "2023.09.26"]
[Round "4"]
[White "Alina_Gumerovna"]
[Black "Flaccidmoves"]
[Result "1-0"]
[WhiteElo "2160"]
[BlackElo "2447"]
[TimeControl "180+1"]
[EndTime "8:40:26 PDT"]
[Termination "Alina_Gumerovna won by checkmate"]

1. e4 e6 2. d4 d5 3. exd5 exd5 4.
Nf3 Bd6 5. Bd3 Ne7 6. O-O O-O 7.
c3 Bf5 8. Re1 Bxd3 9. Qxd3 c6 10.
Nbd2 Nd7 11. Nf1 Re8 12. Bg5 f6 13. Bh4 Nf8 14. Bg3 Bxg3 15. Nxg3 Qd7 16. Re3 Neg6 17. Rae1 Rxe3 18. Qxe3 Kf7 19. h3 Re8 20. Qxe8+ Qxe8 21. Rxe8 Kxe8 22. Kf1 Nf4 23. Ne1 g6 24. f3 h5 25. h4 Nd7 26. Ne2 Ne6 27. Kf2 Nb6 28. b3 Nc8 29. Nd3 Nd6 30. g4 hxg4 31. fxg4 Ne4+ 32. Ke3 Kf7 33. c4 Nd6 34. cxd5 cxd5 35. Nef4 Nc7 36. Nb4 f5 37. g5 Ne4 38. Nbxd5 Nxd5+ 39. Nxd5 Ke6 40. Nf4+ Kf7 41. d5 Nd6 42. Kd4 Nb5+ 43.
Ke5 a6 44. d6 Na7 45. Kd5 Nc6 46. a3 Nd8 47. b4 b6 48. Nd3 Kg7 49. d7 Kf7 50.
Kd6 Kg7 51. Ke7 Nc6+ 52. Ke8 a5 53. bxa5 bxa5 54. d8=Q Nxd8 55. Kxd8 Kf7 56. Kd7 Kg7 57. Ke6 Kh7 58. Kf7 Kh8 59. Kxg6 a4 60. Kxf5 Kh7 61. h5 Kg7 62. h6+ Kh8 63. Kf6 Kh7 64. g6+ Kh8 65.
Ne5 Kg8 66. h7+ Kf8 67. h8=Q# 1-0

[Event "Early-Titled-Tuesday-Blitz-September-26-2023"]
[Site "Chess.com"]
[Date "2023.09.26"]
[Round "4"]
[White "Sinquefield"]
[Black "scarabee43"]
[Result "1/2-1/2"]
[WhiteElo "2532"]
[BlackElo "2773"]
[TimeControl "180+1"]
[EndTime "8:40:27 PDT"]
[Termination "Game drawn by repetition"]

1. d4 Nf6 2. Nf3 d5 3. c3 e6 4. Bg5 Be7 5. Nbd2 O-O 6. e3 b6 7. Bd3 Ba6 8. Bxa6 Nxa6 9. Ne5 Nb8 10. O-O c5 11. f4 Qc8 12. Qf3 Nc6 13. Qh3 Re8 14.
g4 Nd7 15. Bxe7 Rxe7 16. Qh4 f6 17. Nxd7 Qxd7 18. g5 f5 19. Rf3 g6 20. Qf2 c4 21.
h4 Kf7 22. h5 Rg8 23. Rh3 Ke8 24. Nf3 Kd8 25. Kg2 Kc7 26. Rah1 b5 27. a3 a5 28.
Qc2 Kb7 29. Qf2 Ka6 30. Qd2 Qb7 31. Qf2 Ra8 32. Kg3 b4 33. axb4 axb4 34. hxg6 hxg6 35. Rh8 Kb6 36. Qd2 b3 37. Ne5 Nxe5 38. dxe5 Kc6 39.
Qd4 Qa7 40. Rc8+ Kb5 41. Rxa8 Qxa8 42. Rh6 Qa1 43. Rh8 Rb7 44. Rc8 Qa7 45. Qd2 Rh7 46. Rg8 Rh1 47. Rxg6 Qh7 48. Rh6 Rxh6 49. gxh6 Qxh6 50.
Qh2 Qg6+ 51. Kf3 Qg4+ 52. Kf2 Qd1 53. Qh8 Qc2+ 54. Kf3 Qxb2 55. Qb8+ Ka4 56. Qa7+ Kb5 57. Qb7+ Ka5 58. Qa7+ Kb5 59. Qb7+ Ka5 60. Qa7+ Kb5 1/2-1/2

[Event "Early-Titled-Tuesday-Blitz-September-26-2023"]
[Site "Chess.com"]
[Date "2023.09.26"]
[Round "4"]
[White "esrosenberg"]
[Black "SRob2003"]
[Result "0-1"]
[WhiteElo "2354"]
[BlackElo "2631"]
[TimeControl "180+1"]
[EndTime "8:40:28 PDT"]
[Termination "SRob2003 won by resignation"]

1. Nf3 d5 2. d4 Nf6 3. c3 c5 4. dxc5 Nc6 5. b4 a5 6. b5 Na7 7. a4 Ne4 8. Ba3 e6 9. Qd4 f6 10. Nbd2 e5 11. Qe3 Nxd2 12. Qxd2 Be6 13. e3 Rc8 14. c4 Bxc5 15. cxd5 Bxa3 16. Rxa3 Qxd5 17. Qxd5 Bxd5 18. Ra1 Ke7 19. Be2 Rhd8 20. O-O Rc2 21.
Bd3 Rb2 22. Bxh7 g6 23. Bxg6 Bxf3 24. gxf3 Rg8 25. Rac1 Rxg6+ 26. Kh1 Rg8 27. Rc7+ Ke6 28. Rxb7 Nc8 29. Rb8 Ne7 30. Rxg8 Nxg8 31. Kg2 Ne7 32. Rc1 Rb4 33. Rc7 Rxa4 34. b6 Rb4 35. b7 Kd6 36.
Rc4 Rxb7 37. h4 Rb4 38. Rc1 Rxh4 39. Kg3 Rb4 40. e4 a4 41. Kg4 a3 42. Ra1 Ra4 43.
Ra2 Ke6 44. f4 Nc6 45. f5+ Kd6 46. f3 Nb4 47. Ra1 a2 48. Kh5 Nc2 49. Rc1 a1=Q 50.
Rxa1 Rxa1 51. Kg6 Rg1+ 52. Kxf6 Nd4 53. f4 exf4 54. e5+ Kd5 55. e6 f3 56. e7 Re1 57. Kf7 Nxf5 58. e8=Q Nd6+ 59. Kf6 Rxe8 0-1

[Event "Early-Titled-Tuesday-Blitz-September-26-2023"]
[Site "Chess.com"]
[Date "2023.09.26"]
[Round "4"]
[White "gau248"]
[Black "TimofeevAr"]
[Result "0-1"]
[WhiteElo "2591"]
[BlackElo "2874"]
[TimeControl "180+1"]
[EndTime "8:40:31 PDT"]
[Termination "TimofeevAr won by resignation"]

1. e4 e6 2. d4 d5 3. Nc3 dxe4 4. Nxe4 Nd7 5. Nf3 Ngf6 6. Ng3 c5 7. c3 cxd4 8. Nxd4 Bc5 9. Nb3 Bb6 10. Be2 O-O 11. O-O Qc7 12. a4 a5 13. Qc2 Ne5 14.
Bg5 Nd5 15. Rad1 Bd7 16. Nd4 h6 17. Bc1 Rad8 18. Qb3 Bxd4 19. Rxd4 Bc6 20. Rfd1 Nf6 21. Bf4 Nd5 22. Bxe5 Qxe5 23. c4 Nf4 24. Rxd8 Nxe2+ 25. Nxe2 Qxe2 26. Rxf8+ Kxf8 27. Qd3 Qxb2 28. Qd8+ Be8 29. Qxa5 Qb3 30. Qd2 Qxa4 31. c5 Kg8 32. h3 Bc6 33. Qd8+ Kh7 34. Qd3+ f5 35. Qd4 Qb3 36. Re1 Bd5 37. Re3 Qb5 38. Rg3 Qd7 39. Kh2 Qc7 40.
f4 Qd7 41. Qe5 Qf7 42. h4 Bc6 43. Kg1 Bd5 44. h5 Be4 45. Rg6 Bd5 46. Kh2 Qe7 47. Kg1 Qxc5+ 48. Kh1 Qe7 49. Kg1 b5 50. Rg3 b4 51.
Re3 Qf7 52. Rg3 b3 53. Qb2 Qc7 54. Kh2 Qb7 55. Kg1 Qf7 56. Qe5 Qf6 57. Qxf6 gxf6 58.
Re3 b2 59. Re1 Be4 0-1